 Dungeon Crawl Stone Soup version 0.25.1-2-g60ff931df9 (webtiles) character file.

Game seed: 9064238315348977581

151 Anlio the Skirmisher (level 5, -6/42 HPs)
             Began as a Formicid Abyssal Knight on Nov 30, 2020.
             Was a Priest of Lugonu.
             Killed by nerve-wracking pain
             ... invoked by Menkaure
              (12 damage)
             ... in an ossuary.
             The game lasted 00:10:30 (3740 turns).

Anlio the Skirmisher (Formicid Abyssal Knight)      Turns: 3740, Time: 00:10:30

Health: -6/42      AC:  9    Str: 17    XL:     5   Next: 59%
Magic:  7/7        EV:  7    Int: 12    God:    Lugonu [***...]
Gold:   105        SH:  0    Dex: 10    Spells: 4/4 levels left

rFire    . . .     SeeInvis +   a - +1 hand axe
rCold    . . .     Gourm    .   (no shield)
rNeg     . . .     Faith    .   g - +0 chain mail
rPois    .         Spirit   .   (helmet unavailable)
rElec    .         Reflect  .   (no cloak)
rCorr    .         Harm     .   (no gloves)
MR       .....                  (no boots)
Stlth    ..........             (no amulet)
HPRegen  0.14/turn              (no ring)
MPRegen  0.10/turn              (no ring)

@: no status effects
A: permanent stasis, dig shafts and tunnels, four strong arms, antennae 3
a: Dig, Shaft Self, Depart the Abyss, Bend Space, Banish, Renounce Religion


You were in an ossuary.
You worshipped Lugonu.
Lugonu was most pleased with you.
You were not hungry.

You visited 1 branch of the dungeon, and saw 4 of its levels.
You visited the Abyss 1 time.
You also visited: Ossuary.

You collected 105 gold pieces.

Inventory:

Hand Weapons
 a - a +1 hand axe (weapon)
Armour
 b - a +0 leather armour
 g - a +0 chain mail (worn)
Scrolls
 d - a scroll of remove curse
 e - a scroll of enchant weapon {unknown}
 f - 2 scrolls of teleportation
 i - a scroll of immolation {unknown}
 m - a scroll of enchant armour {unknown}
Potions
 h - a potion of mutation
 j - a potion of ambrosia
Comestibles
 c - a ration


   Skills:
 + Level 4.0 Fighting
 + Level 3.0 Axes
 + Level 3.3 Armour
 + Level 2.0 Dodging
 + Level 3.3 Invocations


You had 4 spell levels left.
You didn't know any spells.
Your spell library was empty.

Dungeon Overview and Level Annotations

Branches:
Dungeon (3/15)            Ossuary (1/1)

Altars:

Annotations:
Ossuary Menkaure


Innate Abilities, Weirdness & Mutations

You cannot be hasted, slowed, berserked, paralysed or teleported.
You can dig through walls and to a lower floor.
Your four strong arms can wield two-handed weapons with a shield.
You have a pair of large antennae on your head. (SInv)


Message History

Your body is wracked with pain!
You hit Menkaure but do no damage.
Menkaure is lightly damaged.
Menkaure hits you.
You hit Menkaure.
Menkaure is lightly damaged.
Menkaure gestures wildly while chanting.
Menkaure seems to speed up.
You slash Menkaure!
Menkaure is heavily damaged.
Menkaure casts a spell at you. Pain shoots through your body!
* * * LOW HITPOINT WARNING * * *
There are no items here.
Menkaure calls on the powers of darkness!
Your body is wracked with pain!
* * * LOW HITPOINT WARNING * * *
Menkaure points at you and mumbles some strange words.
Pain shoots through your body!
You die...

##..##..##.^####..##..##^.##
##..##..##..##!?##..##..##..##
##..##^^##..##.!!?##..##..##..##
#..##..##..## ..!.?##^.##..##..##
..##..##..## ?∩∩?Z.##..##..##..#
^##..##..## .??.^.^##..##..##..
##..##..## .!M^.^.^##..##..##.
#..##..##############''##..##..##
..##^........^..@.M.....##..##..#
.##########################.^##..
..^.............^.^...........##.
#################################
................................^
#################################


You could see Menkaure (fast).

Vanquished Creatures
  3 mummies (Ossuary)
  5 adders
  A worm (D:2)
  A dart slug (D:1)
  An orc (D:3)
  6 bats
  8 gnoll zombies (Ossuary)
  3 goblins
  4 hobgoblins
  4 jackals (D:2)
  3 frilled lizards
  4 gnoll skeletons (Ossuary)
  3 goblin skeletons (Ossuary)
  3 goblin zombies (Ossuary)
  4 hobgoblin skeletons (Ossuary)
  3 hobgoblin zombies (Ossuary)
  4 kobolds
  5 kobold skeletons (Ossuary)
  3 kobold zombies (Ossuary)
  5 orc skeletons (Ossuary)
  3 orc zombies (Ossuary)
  A quokka skeleton (D:5)
  3 rat skeletons (Ossuary)
  3 rat zombies (Ossuary)
83 creatures vanquished.

Vanquished Creatures (others)
  A goblin skeleton (Ossuary)
  A goblin zombie (Ossuary)
  A hobgoblin zombie (Ossuary)
3 creatures vanquished.

Grand Total: 86 creatures vanquished

Notes
Turn   | Place    | Note
-------+----------+-------------------------------------------
     0 | Abyss:1  | Anlio the Formicid Abyssal Knight began the quest for the
                  | Orb.
     0 | Abyss:1  | Reached XP level 1. HP: 18/18 MP: 2/2
    44 | D:1      | Escaped the Abyss
   114 | D:1      | Reached skill level 1 in Dodging
   445 | D:1      | Reached XP level 2. HP: 22/24 MP: 3/3
  1281 | D:2      | Reached XP level 3. HP: 29/29 MP: 4/4
  1486 | D:2      | Reached ** piety under Lugonu
  2262 | D:3      | Reached XP level 4. HP: 29/37 MP: 6/6
  2687 | D:3      | You fall into a shaft and drop 2 floors!
  2687 | D:5      | Entered Level 5 of the Dungeon
  2712 | D:5      | Found a sand-covered staircase.
  2717 | Ossuary  | Entered an ossuary
  2943 | Ossuary  | Reached XP level 5. HP: 42/42 MP: 7/7
  2972 | Ossuary  | Reached *** piety under Lugonu
  3415 | Ossuary  | Reached skill level 4 in Fighting
  3722 | Ossuary  | Noticed Menkaure
  3740 | Ossuary  | Killed from afar by Menkaure

Illustrated notes

Levels and vault maps discovered:
D:1:      scummos_arrival_forest, layout_loops_ring, minmay_misc_feat_plants
D:2:      layout_rooms, serial_co_window_serial, co_window_of_opportunity_a,
          co_window_paths_b, co_window_paths_a, co_window_paths_a,
          co_window_cross_1, co_window_paths_b, co_window_corner_a,
          co_window_paths_c, co_window_broadway_a, co_window_of_opportunity_c,
          co_window_paths_c, co_window_broadway_b, co_window_unsneaky_path_c
D:3:      layout_basic
D:5:      layout_layer_cave, first_ration, enter_ossuary_2
Ossuary:  ossuary_due_pyramid

Skill      XL: |  1  2  3  4  5 |
---------------+----------------+-----
Dodging        | 1 2 |  2.0
Invocations    | 3 |  3.3
Armour         | 3 |  3.3
Fighting       | 4 |  4.0
Axes           | 3 |  3.0

Action                   |  1- 3 |  4- 6 || total
-------------------------+-------+-------++-------
Melee: Hand axe          |   110 |   206 ||   316
 Abil: Dig               |       |     1 ||     1
  Use: Scroll            |     3 |     1 ||     4
       Potion            |       |     2 ||     2
  Eat: Chunk             |     4 |     2 ||     6
       Ration            |       |     1 ||     1
Armor: Leather armour    |    23 |       ||    23
       Chain mail        |    44 |    91 ||   135
Dodge: Dodged            |    62 |    62 ||   124
